 Dungeon Crawl Stone Soup version 0.26.1-2-gb8aa6d0cf2 (webtiles) character file.

Game seed: 10907950837478253972

327 sking99 the Caller (level 6, 28/28 HPs)
             Began as a Felid Summoner on Feb 20, 2021.
             Was a Follower of Fedhas.
             Quit the game on level 6 of the Dungeon.
             The game lasted 00:21:21 (7504 turns).

sking99 the Caller (Felid Summoner)                 Turns: 7504, Time: 00:21:22

Health: 28/28      AC:  2    Str:  4    XL:     6   Next: 24%
Magic:  11/11      EV: 21    Int: 18    God:    Fedhas [*.....]
Gold:   256        SH:  0    Dex: 17    Spells: 1/10 levels left
                                        Lives:  0   Deaths: 2

rFire    . . .     SeeInvis +   (weapon unavailable)
rCold    . . .     Faith    .   (shield unavailable)
rNeg     . . .     Spirit   .   (armour unavailable)
rPois    .         Reflect  .   (helmet unavailable)
rElec    .         Harm     .   (cloak unavailable)
rCorr    .         Rampage  .   (gloves unavailable)
Will     .....                  (boots unavailable)
Stlth    +++.......             (no amulet)
HPRegen  0.09/turn              (no ring)
MPRegen  0.12/turn              (no ring)

@: quick
A: very small, no armour, no weapons or thrown items, stealth, claws 1, fangs 3,
see invisible, speed 1, shaggy fur 2, sharp paws
a: Renounce Religion


You were on level 6 of the Dungeon.
You worshipped Fedhas.
Fedhas was aware of your devotion.
You visited 1 branch of the dungeon, and saw 6 of its levels.

You collected 256 gold pieces.

Inventory:

Jewellery
 d - an uncursed amulet of the acrobat
 i - a cursed ring of teleportation {unknown}
 l - an uncursed ring of poison resistance {unknown}
 o - an uncursed ring of fire
Wands
 h - a wand of random effects (41)
 m - a wand of polymorph (5)
 p - a wand of iceblast (6)
 r - a wand of disintegration (11)
Scrolls
 a - 8 scrolls of identify
 g - a scroll of teleportation
 q - 5 scrolls of remove curse
Potions
 b - a potion of curing {unknown}
 c - 2 potions of heal wounds {unknown}
 e - 4 potions of brilliance {unknown}
 f - 2 potions of flight {unknown}
 j - 2 potions of attraction {unknown}
 k - a potion of degeneration {unknown}
 n - a potion of cancellation {unknown}


   Skills:
 + Level 3.5 Fighting
 + Level 5.6 Dodging
 - Level 2.6 Stealth
 + Level 2.9 Spellcasting
 - Level 2.7 Hexes
 * Level 6.7 Summonings


You had one spell level left.
You knew the following spells:

 Your Spells              Type           Power        Failure   Level
a - Summon Small Mammal   Summ           100%         1%          1
b - Call Imp              Summ           26%          1%          2
c - Call Canine Familiar  Summ           26%          3%          3
d - Summon Guardian Gole  Hex/Summ       19%          7%          3

Your spell library contained the following spells:

 Spells                   Type           Power        Failure   Level
 Corpse Rot               Necr/Air       N/A          26%         2
 Summon Ice Beast         Ice/Summ       14%          38%         4
 Summon Lightning Spire   Summ/Air       14%          38%         4
 Stone Arrow              Conj/Erth      4%           45%         3
 Summon Forest            Summ/Tloc      7%           75%         5
 Eringya's Noxious Bog    Tmut/Pois      1%           100%        6
 Hydra Form               Tmut           1%           100%        6
 Summon Hydra             Summ           13%          100%        7


Dungeon Overview and Level Annotations

Branches:
Dungeon (6/15)             Temple (0/1) D:5

Altars:
Fedhas
Xom
Yredelemnul

Shops:
D:6 [


Innate Abilities, Weirdness & Mutations

You cannot wear armour.
You are incapable of wielding weapons or throwing items.
Your paws allow you to move quietly. (Stealth)
You have sharp claws.
You have razor-sharp teeth.
You have supernaturally acute eyesight. (SInv)
You cover ground quickly.
You are covered in thick fur. (AC +2)
Your sharp claws are effective at attacking unaware monsters.


Message History

The centaur shoots an arrow.
The arrow hits you.
The centaur shoots an arrow.
The arrow completely misses you.
The centaur shoots an arrow.
The arrow completely misses you.
Your crimson imp hits the centaur but does no damage.
The centaur shoots an arrow.
The arrow hits you.
Your crimson imp hits the centaur but does no damage.
The centaur shoots an arrow.
The arrow hits you!
* * * LOW HITPOINT WARNING * * *
The centaur shoots an arrow.
The arrow closely misses you.
Your crimson imp hits the centaur but does no damage.
The centaur shoots an arrow.
The arrow misses you.
Your crimson imp hits the centaur.
The centaur shoots an arrow.
The arrow hits you!
You die...
You are now level 6!
You rejoin the land of the living...
Found 17 gold pieces.
Unknown command.
A ball python skeleton comes into view.
Are you sure you want to abandon this character and quit the game? (Confirm with "yes".)

# . .# .#
###.#####
###...$....
#..@.......
#.#.#.####.
Z. #.# # ##
#.# #.# #..
#.. #..
....


You could see a ball python skeleton (wandering).

Vanquished Creatures
  A bullfrog (D:3)
  An adder (D:2)
  A hobgoblin (D:1)
  A frilled lizard (D:1)
  A kobold (D:2)
5 creatures vanquished.

Vanquished Creatures (collateral kills)
  Sigmund (D:5)
  A water moccasin (D:5)
  An ice beast (D:5)
  3 ogres (D:6)
  A bullfrog (D:6)
  A scorpion (D:6)
  A bullfrog zombie (D:5)
  A howler monkey (D:6)
  An orc priest (D:4)
  3 orc wizards
  2 centaur skeletons
  A hound (D:5)
  2 iguanas
  Terence (D:2)
  Ijyb (D:3)
  2 worker ants
  6 adders
  A shadow imp (D:5)
  2 white imps (D:5)
  An ooze (D:5)
  An adder skeleton (D:6)
  A dart slug (D:1)
  4 leopard geckos
  7 orcs
  A ball python (D:1)
  4 giant cockroaches
  9 goblins
  6 hobgoblins
  7 jackals
  3 quokkas
  7 bats
  8 frilled lizards
  2 kobolds
  A quokka skeleton (D:4)
  6 rats
100 creatures vanquished.

Grand Total: 105 creatures vanquished

Notes
Turn   | Place    | Note
-------+----------+-------------------------------------------
     0 | D:1      | sking99 the Felid Summoner began the quest for the Orb.
     0 | D:1      | Reached XP level 1. HP: 7/7 MP: 4/4
   587 | D:1      | Reached XP level 2. HP: 12/12 MP: 1/6
   791 | D:1      | Learned a level 2 spell: Call Imp
  1180 | D:2      | Noticed Terence
  1366 | D:2      | Reached skill level 1 in Fighting
  1422 | D:2      | Reached XP level 3. HP: 15/15 MP: 2/7
  2030 | D:2      | Killed Terence
  2043 | D:2      | Reached XP level 4. HP: 15/19 MP: 0/8
  2304 | D:2      | Learned a level 3 spell: Call Canine Familiar
  2426 | D:3      | Found a basalt altar of Yredelemnul.
  2751 | D:3      | Noticed Ijyb
  2773 | D:3      | Killed Ijyb
  2935 | D:3      | Noticed a bullfrog
  2945 | D:3      | Killed a bullfrog
  2946 | D:3      | Reached skill level 5 in Summonings
  3956 | D:4      | Reached XP level 5. HP: 22/22 MP: 4/9
  4324 | D:4      | Found a blossoming altar of Fedhas.
  5064 | D:4      | Became a worshipper of Fedhas Madash
  5675 | D:5      | Entered Level 5 of the Dungeon
  5680 | D:5      | Learned a level 3 spell: Summon Guardian Golem
  5710 | D:5      | Found a staircase to the Ecumenical Temple.
  5716 | D:5      | Noticed a water moccasin
  5748 | D:5      | Killed from afar by a white imp
  5749 | D:5      | Reached XP level 4. HP: -6/20 MP: 1/8
  5853 | D:5      | Killed a water moccasin
  5854 | D:5      | Reached skill level 1 in Hexes
  5854 | D:5      | Reached XP level 5. HP: 6/23 MP: 6/9
  6188 | D:5      | Noticed Sigmund
  6195 | D:5      | Noticed an ice beast
  6198 | D:5      | Killed Sigmund
  6199 | D:5      | Reached skill level 6 in Summonings
  6199 | D:5      | Gained mutation: You are covered in thick fur. (AC +2)
                  | [Felid growth]
  6199 | D:5      | Reached XP level 6. HP: 27/27 MP: 7/10
  6215 | D:5      | Killed an ice beast
  6216 | D:5      | Reached skill level 5 in Dodging
  6520 | D:5      | Found Atzuorut's Weapon Shoppe.
  6682 | D:6      | Found Kuceibi's Antique Armour Shop.
  6965 | D:6      | Reached * piety under Fedhas
  7116 | D:6      | Reached XP level 7. HP: 6/31 MP: 7/12
  7408 | D:6      | Found a shimmering altar of Xom.
  7502 | D:6      | Shot with an arrow by a centaur
  7503 | D:6      | Reached XP level 6. HP: -6/28 MP: 1/11
  7504 | D:6      | Quit the game

Illustrated notes

Levels and vault maps discovered:
D:1:      mrwooster_arrival_statue_2, layout_rooms
D:2:      layout_basic, uniq_terence
D:3:      layout_basic, nicolae_overflow_hidden_temple, kennysheep_flooded_box,
          uniq_ijyb
D:4:      layout_loops_ring, fedhas_altar_fruit_tree
D:5:      layout_basic, temple_statues, serial_shops, shop, uniq_sigmund
D:6:      layout_loops_ring, nicolae_overflow_crystal_walls, serial_shops,
          kennysheep_mini, nicolae_shop_crystal, shop, nicolae_shop_behind_doors

Skill      XL: |  1  2  3  4  5  6 |
---------------+-------------------+-----
Dodging        | 3 4 5 |  5.6
Fighting       | 1 2 3 |  3.5
Summonings     | 5 6 |  6.7
Hexes          | 1 2 |  2.7
Stealth        | |  2.6
Spellcasting   | |  2.9

Action                   |  1- 3 |  4- 6 |  7- 9 || total
-------------------------+-------+-------+-------++-------
Melee: Unarmed           |    27 |    48 |       ||    75
       Bite              |     5 |     5 |       ||    10
 Cast: Summon Small Mamm |    48 |     2 |       ||    50
       Call Imp          |    25 |    94 |     2 ||   121
       Call Canine Famil |       |     7 |     3 ||    10
  Use: Scroll            |       |    10 |       ||    10
 Stab: Distracted        |     1 |     1 |       ||     2
       Sleeping          |     1 |     1 |       ||     2
Armor: Skin              |     4 |     6 |       ||    10
Dodge: Dodged            |    76 |   108 |     6 ||   190
